 Dungeon Crawl Stone Soup version 0.26-a0-682-g294304f6e8 (webtiles) character file.

Game seed: 10451602816428848878

10182 tzalcoatl the Cleaver (level 11, -1/104 HPs)
             Began as a Hill Orc Fighter on Oct 21, 2020.
             Was an Elder of Beogh.
             Slain by a blink frog (15 damage)
             ... on level 1 of the Lair of Beasts.
             The game lasted 01:08:41 (12057 turns).

tzalcoatl the Cleaver (Hill Orc Fighter)           Turns: 12057, Time: 01:08:49

Health: -1/104     AC: 15    Str: 26    XL:     11   Next: 58%
Magic:  2/17       EV:  5    Int: 11    God:    Beogh [****..]
Gold:   435        SH:  0    Dex: 18    Spells: 10/10 levels left

rFire    . . .     SeeInvis +   a - +2 battleaxe (venom)
rCold    . . .     Faith    .   (shield currently unavailable)
rNeg     . . .     Spirit   .   K - +0 scale mail
rPois    .         Reflect  +   P - +1 helmet {Int+3}
rElec    .         Harm     .   m - +0 cloak
rCorr    .         Rampage  .   r - +1 pair of gloves
MR       .....     Rnd*Tele +   w - +0 pair of boots
Stlth    ..........             B - amulet of reflection
HPRegen  0.27/turn              o - +6 ring of dexterity
MPRegen  0.15/turn              R - ring of Tivvoq {*Tele +Inv Str+3 Dex+2 SInv}

@: marked, held, hasted, very quick
A: no striking features
a: Smiting, Recall Orcish Followers, Renounce Religion, Evoke Invisibility


You were on level 1 of the Lair of Beasts.
You worshipped Beogh.
Beogh was greatly pleased with you.
You visited 2 branches of the dungeon, and saw 11 of its levels.

You collected 653 gold pieces.
You spent 218 gold pieces at shops.

Inventory:

Hand Weapons
 a - a +2 battleaxe of venom (weapon)
 b - a +3 dire flail
 c - a +5 hand axe
Missiles
 A - 12 boomerangs
 M - 4 datura-tipped darts
Armour
 m - a +0 cloak (worn)
 r - a +1 pair of gloves (worn)
 w - a +0 pair of boots (worn)
 y - a +2 kite shield
 K - a +0 scale mail (worn)
 P - a +1 helmet of intelligence (worn)
Jewellery
 o - a +6 ring of dexterity (left hand)
 B - an amulet of reflection (around neck)
 C - an uncursed ring of protection from magic
 I - an uncursed ring of poison resistance
 Q - an uncursed ring of see invisible
 R - the ring of Tivvoq (right hand) {*Tele +Inv Str+3 Dex+2 SInv}
   (You found it on level 10 of the Dungeon)

   [ring of teleportation]

   It may teleport you next to monsters.
   It affects your strength (+3).
   It affects your dexterity (+2).
   It lets you see invisible.
   It lets you turn invisible.
Wands
 x - a wand of iceblast (7)
 z - a wand of disintegration (45)
 D - a wand of random effects (38)
 H - a wand of flame (30)
 O - a wand of enslavement (7)
Scrolls
 e - 3 scrolls of immolation
 g - 3 scrolls of fog
 j - a scroll of noise {unknown}
 l - 6 scrolls of enchant armour
 n - 5 scrolls of remove curse
 q - 9 scrolls of teleportation
 t - 2 scrolls of blinking {unknown}
 u - 2 scrolls of magic mapping
 E - 3 scrolls of fear
 F - a scroll of amnesia {unknown}
 G - 2 scrolls of enchant weapon {unknown}
Potions
 d - a potion of might
 f - 2 potions of mutation
 h - a potion of magic {unknown}
 i - 3 potions of flight
 k - 5 potions of brilliance
 p - 2 potions of resistance
 s - a potion of stabbing
 J - 2 potions of heal wounds {unknown}
 L - a potion of cancellation {unknown}
Miscellaneous
 N - a tin of tremorstones (3/3)
 S - a phantom mirror


   Skills:
 + Level 12.1 Fighting
 * Level 14.6 Axes
 - Level 7.0 Armour
 - Level 5.0 Shields
 - Level 8.0 Invocations
 + Level 2.4 Evocations


You had 10 spell levels left.
You didn't know any spells.
Your spell library contained the following spells:

 Spells                   Type           Power        Failure   Level
 Magic Dart               Conj           #...         58%         1
 Blink                    Tloc           N/A          75%         2
 Call Imp                 Summ           #.......     75%         2
 Slow                     Hex            #.......     75%         2
 Conjure Flame            Conj/Fire      #.......     92%         3
 Mephitic Cloud           Conj/Pois/Air  #.......     92%         3


Dungeon Overview and Level Annotations

Branches:
Dungeon (10/15)            Temple (0/1) D:6            Lair (1/6) D:8
    Orc: D:9-12

Altars:
Ashenzari
Cheibriados
Dithmenos
Elyvilon
Fedhas
Gozag
Hepliaklqana
Kikubaaqudgha
Makhleb
Okawaru
Vehumet
Zin

Shops:
D:5 (


Message History

Harold gestures at you while chanting.
You barely resist.
Press: ? - help, Dir - move target cursor, f - Harold, p - blink frog Smite: Harold, wielding a +0 broad axe, wearing a +0 scale mail and quivering a throwing net (almost dead, unusually resistant)
You smite Harold!
You kill Harold!
Beogh accepts your kill.
Harold looks down at his mortal wounds and cries, "But... this was my last day before retirement..."
Training target 8.0 for Invocations reached!
Your Invocations skill increases to level 8!
Your orc wizard looks more experienced.
Your orc knight no longer looks unusually strong.
The blink frog hits you but does no damage.
Press: ? - help, Dir - move target cursor, f - komodo dragon Smite: a komodo dragon (heavily wounded)
You smite the komodo dragon!
The komodo dragon is almost dead.
Your orc wizard no longer looks unusually strong.
The blink frog hits you!
You die...

. ### ## ##
..#####.####.##.#.
..................
..................
......o.o.........
.##....ol..F..h...
##..).).@F#.####
#.........##
#........##
#........#
#........#
#.........
#........##
#....$...#


You could see a komodo dragon, a blink frog, a black bear, a bullfrog, a
friendly orc knight, the friendly Orik the orc knight and a friendly orc wizard
(invisible).

Vanquished Creatures
  Erolcha (D:10)
  Harold (Lair:1)
  A two-headed ogre (D:7)
  Pikel (D:5)
  A komodo dragon (Lair:1)
  2 blink frogs (Lair:1)
  Sigmund (D:3)
  A wyvern (D:10)
  A yak (D:8)
  A swamp worm (D:9)
  A water moccasin (Lair:1)
  4 orc warriors
  3 black bears (D:8)
  2 ice beasts
  2 sky beasts
  2 ogres
  4 centaurs
  A lemure (D:5)
  A big kobold (D:7)
  4 bullfrogs
  2 scorpions (D:8)
  14 killer bees
  14 wights
  3 electric eels
  7 howler monkeys
  3 bullfrog zombies
  3 bullfrog skeletons
  12 hounds
  3 jellies
  A centaur zombie (D:5)
  3 orc priests
  Crazy Yiuf (D:5)
  6 orc wizards
  A gnoll shaman (D:7)
  Ijyb (D:3)
  2 iguanas (D:8)
  6 worker ants
  2 killer bee zombies
  2 hound zombies
  2 hound skeletons (D:4)
  A worker ant zombie (D:10)
  7 gnolls (D:7)
  24 adders
  2 shadow imps (D:9)
  2 white imps
  5 ufetubi
  3 adder zombies
  An adder skeleton (D:8)
  A dart slug (D:3)
  9 leopard geckos
  12 orcs
  8 bats
  2 giant cockroaches
  18 goblins
  5 hobgoblins
  4 jackals
  15 kobolds
  8 quokkas
  2 ball pythons
  5 frilled lizards
  A leopard gecko skeleton (D:8)
  A quokka skeleton (D:9)
  10 rats
269 creatures vanquished.

Vanquished Creatures (collateral kills)
  A hydra (Lair:1)
  A black mamba (Lair:1)
  A troll (D:9)
  5 blink frogs (Lair:1)
  A centaur (D:8)
  2 bullfrogs (D:8)
  A scorpion (D:9)
  An electric eel (D:10)
  A hound (D:8)
  2 orc priests
  A worker ant (D:8)
  An adder (D:9)
18 creatures vanquished.

Vanquished Creatures (others)
  2 orc priests
  7 orcs
  A goblin (D:3)
  44 fungi
  65 plants
119 creatures vanquished.

Grand Total: 406 creatures vanquished

Notes
Turn   | Place    | Note
-------+----------+-------------------------------------------
     0 | D:1      | tzalcoatl the Hill Orc Fighter began the quest for the Orb.
     0 | D:1      | Reached XP level 1. HP: 19/19 MP: 1/1
   187 | D:1      | Reached skill level 3 in Axes
   293 | D:1      | Reached XP level 2. HP: 27/27 MP: 2/2
  1191 | D:2      | Reached XP level 3. HP: 32/33 MP: 3/3
  1474 | D:2      | Found a white marble altar of Elyvilon.
  1489 | D:2      | Reached XP level 4. HP: 41/41 MP: 4/4
  1551 | D:2      | Noticed a centaur
  1560 | D:2      | Killed a centaur
  1560 | D:2      | Reached skill level 4 in Axes
  1560 | D:2      | Reached XP level 5. HP: 23/47 MP: 5/5
  1770 | D:2      | Reached skill level 5 in Fighting
  2145 | D:2      | Found a hazy altar of Hepliaklqana.
  2284 | D:3      | Reached skill level 5 in Axes
  2424 | D:3      | Noticed Ijyb
  2451 | D:3      | Killed Ijyb
  2451 | D:3      | Reached XP level 6. HP: 45/56 MP: 6/6
  2573 | D:3      | Found an ancient bone altar of Kikubaaqudgha.
  2644 | D:3      | Found a radiant altar of Vehumet.
  2711 | D:3      | Noticed Sigmund
  2747 | D:3      | Killed Sigmund
  2824 | D:3      | Found a shadowy altar of Dithmenos.
  2945 | D:4      | Reached XP level 7. HP: 62/63 MP: 7/7
  2951 | D:4      | Reached skill level 6 in Axes
  3347 | D:4      | Found a snail-covered altar of Cheibriados.
  3430 | D:4      | Found a blossoming altar of Fedhas.
  3481 | D:4      | Found a broken altar of Ashenzari.
  3584 | D:4      | Found an iron altar of Okawaru.
  3661 | D:4      | Became a worshipper of Beogh the Brigand
  3844 | D:5      | Entered Level 5 of the Dungeon
  3844 | D:5      | Found Mowotoz's Antique Weapon Shoppe.
  3847 | D:5      | Bought a glowing battleaxe for 218 gold pieces
  3984 | D:5      | Reached skill level 5 in Armour
  3984 | D:5      | Reached skill level 5 in Shields
  4218 | D:5      | Reached skill level 7 in Axes
  4224 | D:5      | Reached XP level 8. HP: 73/73 MP: 8/8
  4526 | D:5      | Found a runed translucent door.
  4527 | D:5      | Noticed Crazy Yiuf
  4566 | D:5      | Noticed Pikel
  4578 | D:5      | Killed Pikel
  4578 | D:5      | Reached skill level 8 in Axes
  4817 | D:5      | Killed Crazy Yiuf
  4994 | D:6      | Reached * piety under Beogh
  5076 | D:6      | Reached skill level 9 in Axes
  5450 | D:6      | Reached XP level 9. HP: 68/82 MP: 9/9
  5894 | D:6      | Found a glowing silver altar of Zin.
  6309 | D:6      | Found a staircase to the Ecumenical Temple.
  6791 | D:7      | Reached skill level 10 in Axes
  6905 | D:7      | Reached ** piety under Beogh
  7113 | D:7      | Found a burning altar of Makhleb.
  7113 | D:7      | Noticed a blizzard demon
  7130 | D:7      | Reached skill level 10 in Fighting
  7263 | D:7      | Reached skill level 1 in Invocations
  7618 | D:7      | Reached skill level 11 in Axes
  7771 | D:7      | Reached XP level 10. HP: 90/94 MP: 10/12
  8192 | D:8      | Noticed a two-headed ogre
  8545 | D:7      | Killed a two-headed ogre
  8545 | D:7      | Reached skill level 12 in Axes
  8730 | D:8      | Reached *** piety under Beogh
  8822 | D:8      | Reached skill level 5 in Invocations
  9185 | D:8      | Found a staircase to the Lair.
  9330 | D:8      | Found an opulent altar of Gozag.
  9338 | D:8      | Gained Orik as an ally
  9849 | D:8      | Reached skill level 13 in Axes
 10241 | D:9      | Reached **** piety under Beogh
 10282 | D:9      | Gained Okrist as an ally
 10667 | D:9      | Reached XP level 11. HP: 100/102 MP: 15/15
 10734 | D:9      | Gained Bogbarth as an ally
 11026 | D:10     | Entered Level 10 of the Dungeon
 11108 | D:10     | Noticed Erolcha
 11118 | D:10     | Killed Erolcha
 11211 | D:10     | Got a sparkling silver ring
 11215 | D:10     | Identified the ring of Tivvoq {*Tele +Inv Str+3 Dex+2 SInv}
                  | (You found it on level 10 of the Dungeon)
 11864 | Lair:1   | Entered Level 1 of the Lair of Beasts
 11887 | Lair:1   | Reached skill level 14 in Axes
 11944 | Lair:1   | Reached skill level 1 in Evocations
 11973 | Lair:1   | Your ally Bogbarth died
 12038 | Lair:1   | Noticed a six-headed hydra
 12038 | Lair:1   | Noticed Harold
 12050 | Lair:1   | Killed a five-headed hydra
 12056 | Lair:1   | Killed Harold
 12057 | Lair:1   | Slain by a blink frog

Illustrated notes

Levels and vault maps discovered:
D:1:      dpeg_cavernosity, layout_basic, fountainhead
D:2:      layout_loops_ring, old_standard_altar, lemuel_coloured_pillars_altar
D:3:      kennysheep_the_goblin_king, layout_basic,
          nicolae_dithmenos_through_a_glass_darkly, lemuel_doored_altar,
          marbit_many_paths, chequers_mini_garden, uniq_ijyb, uniq_sigmund
D:4:      layout_basic, kennysheep_little_box, kennysheep_mini,
          overflow_temple_1_default, kennysheep_okawaru_gauntlet
D:5:      minmay_skewed_foursquare, layout_gridville, serial_shops, shop,
          uniq_pikel, uniq_crazy_yiuf_cottage
D:6:      layout_loops_corners, nicolae_overflow_hidden_temple,
          minmay_temple_entry_antechambers, serial_bayou_lake_a
D:7:      layout_rooms, minivault_19, makhleb_altar_promises_db
D:8:      minmay_clustersquares, layout_basic, due_lair_maze_entry_diamond,
          nicolae_gozag_seed_capital
D:9:      layout_roguey, grunt_ministairs_3, chequers_serial_rivers_large_a,
          worms_lemuel
D:10:     layout_basic, uniq_erolcha
Lair:1:   layout_cellular_growth, gammafunk_ghost_grave, uniq_harold,
          uniq_gastronok

Skill      XL: |  1  2  3  4  5  6  7  8  9 10 11 |
---------------+----------------------------------+-----
Axes           | 3 4 5 7 9 11 13 14 | 14.6
Fighting       | 4 5 6 7 8 10 11 12 | 12.1
Armour         | 4 5 6 7 |  7.0
Shields        | 4 5 |  5.0
Invocations    | 2 6 8 |  8.0
Evocations     | 2 |  2.4

Action                   |  1- 3 |  4- 6 |  7- 9 | 10-12 || total
-------------------------+-------+-------+-------+-------++-------
Melee: War axe           |   116 |   139 |    61 |       ||   316
       Battleaxe         |       |       |   226 |   236 ||   462
       Dire flail        |       |       |       |     2 ||     2
Throw: Dart              |    23 |    25 |    50 |       ||    98
       Boomerang         |       |       |    19 |    13 ||    32
       Javelin           |       |       |     6 |     6 ||    12
Invok: Convert to Beogh  |       |       |     1 |       ||     1
       Smiting           |       |       |       |     5 ||     5
       Recall Orcish Fol |       |       |       |     5 ||     5
       Stop Recall       |       |       |       |     3 ||     3
Evoke: Wand              |       |       |     1 |     3 ||     4
  Use: Scroll            |       |     1 |     8 |     4 ||    13
       Potion            |       |       |     2 |     2 ||     4
Armor: Scale mail        |    44 |    64 |   132 |   124 ||   364
Dodge: Dodged            |    33 |    38 |   112 |    99 ||   282
Block: Kite shield       |    58 |    81 |    44 |       ||   183
       Other             |       |       |    27 |    54 ||    81
       Reflection        |       |       |     2 |     2 ||     4

Table legend: (Time is in decaauts)
 A = Elapsed time spent in this place.
 B = Non-inter-level travel time spent in this place.
 C = Inter-level travel time spent in this place.
 D = Time resting spent in this place.
 E = Time spent auto-exploring this place.
 F = Levels seen in this place.
 G = Mean time per level.
                   A        B        C        D        E       F      G
               +--------+--------+--------+--------+--------+-----+--------+
         Total |  12337 |  11977 |    360 |      0 |   9454 |  11 | 1121.5 |
       Dungeon |  12148 |  11788 |    360 |      0 |   9328 |  10 | 1214.8 |
          Lair |    188 |    188 |      0 |      0 |    126 |   1 |  188.0 |
               +--------+--------+--------+--------+--------+-----+--------+

Top non-repeatable levels by time:
     D:6: 2274 daAuts
     D:8: 1679 daAuts
     D:7: 1393 daAuts
     D:1: 1190 daAuts
     D:2: 1098 daAuts
     D:5: 1023 daAuts
     D:9: 1019 daAuts
     D:4: 930 daAuts
    D:10: 797 daAuts
     D:3: 741 daAuts
  Lair:1: 188 daAuts
